 Dungeon Crawl Stone Soup version bcrawl-1.32 (webtiles) character file.

Game seed: 6926452659018933947

479339 Morbidden the Grappler (level 11, -10/104 HPs)
             Began as a Troll Archaeologist on July 3, 2021.
             Was a Follower of Cheibriados.
             Mangled by a two-headed ogre
             ... wielding a +0 giant club
              (24 damage)
             ... on level 10 of the Dungeon.
             The game lasted 00:12:33 (9127 turns).

Morbidden the Grappler (Troll Archaeologist)        Turns: 9127, Time: 00:12:34

Health: -10/104    AC: 14    Str: 26    XL:     11   Next: 91%
Magic:  12/13      EV: 12    Int: 13    God:    Cheibriados [*.....]
Gold:   460        SH:  0    Dex: 10    Spells: 10/10 levels left

rFire    . . .     SeeInvis .     - Claws (35.3)
rCold    . . .     Gourm    +   (no shield)
rNeg     . . .     Faith    .   (armour unavailable)
rPois    .         Spirit   .   c - +1 hat
rElec    .         Reflect  .   B - +0 cloak {+Inv}
rCorr    .         Harm     .   (gloves unavailable)
MR       .....                  (boots unavailable)
Stlth    +++.......             (no amulet)
HPRegen  0.67/turn              v - ring of Menanous {+Fly Stlth+}
MPRegen  0.13/turn              E - +3 ring of protection

@: very slightly contaminated, invisible, very slow
A: large, almost no armour, claws 3, fast metabolism 3, gourmand, regeneration
1, AC +9
a: Bend Time, Renounce Religion, Evoke Flight


You were on level 10 of the Dungeon.
You worshipped Cheibriados.
Cheibriados was aware of your devotion.
You were not hungry.

You visited 2 branches of the dungeon, and saw 11 of its levels.
You also visited: Sewer.

You collected 815 gold pieces.
You spent 355 gold pieces at shops.

Inventory:

Hand Weapons
 b - a +0 hunting sling
 y - a +0 blowgun
Missiles
 d - 78 curare-tipped needles
 f - 1071 bolts
 k - 1811 stones (quivered)
 o - 776 sling bullets
 F - 157 poisoned needles
Armour
 c - a +1 hat (worn)
 B - a +0 cloak of invisibility (worn)
Magical Staves
 w - an uncursed staff of wizardry
Jewellery
 v - the ring of Menanous (left claw) {+Fly Stlth+}
   (You found it on level 3 of the Dungeon)

   [ring of flight]

   It lets you fly.
   It makes you more stealthy.
 E - a +3 ring of protection (right claw)
Wands
 x - a wand of polymorph (26)
 H - a wand of flame (5)
 O - a wand of digging (7)
Scrolls
 a - 2 scrolls of blinking
 h - 5 scrolls of teleportation
 i - 2 scrolls of identify
 l - 5 scrolls of fear
 p - 2 scrolls of enchant weapon {unknown}
 q - 5 scrolls of remove curse {unknown}
 r - 4 scrolls of amnesia {unknown}
 D - 2 scrolls of magic mapping
 G - a scroll of immolation {unknown}
 K - a scroll of brand weapon {unknown}
 M - 2 scrolls of fog {unknown}
 N - a scroll of noise {unknown}
Potions
 g - 2 potions of might {unknown}
 j - a potion of curing
 m - 2 potions of haste {unknown}
 s - a potion of resistance
 t - a potion of brilliance {unknown}
 u - 2 potions of agility {unknown}
 z - 2 potions of cancellation {unknown}
 A - 3 potions of lignification {unknown}
 C - a potion of magic {unknown}
 I - 3 potions of degeneration {unknown}
 J - a potion of mutation {unknown}
Comestibles
 e - 19 rations {!d}


   Skills:
 * Level 5.5 Fighting
   Level 1.0 Maces & Flails
 + Level 3.3(4.5) Slings
 * Level 6.1(6.8) Throwing
 * Level 7.2 Dodging
 + Level 3.9 Stealth
 + Level 13.6 Unarmed Combat
 * Level 2.5 Invocations
 * Level 4.4 Evocations


You had 10 spell levels left.
You didn't know any spells.
Your spell library contained the following spells:

 Spells                   Type           Power        Failure   Level  Hunger
 Flame Tongue             Conj/Fire      #....        30%         1    None
 Magic Dart               Conj           #...         30%         1    None
 Sting                    Conj/Pois      #...         30%         1    None
 Blink                    Tloc           N/A          43%         2    ####...
 Call Imp                 Summ           #.....       43%         2    ####...
 Flaming Arrows           Chrm/Fire      #.......     43%         2    ####...
 Poisonous Vapours        Pois/Air       #.....       43%         2    ####...
 Conjure Flame            Conj/Fire      #.......     67%         3    #####..
 Ignite Poison            Fire/Tmut/Pois #.......     67%         3    #####..
 Inner Flame              Hex/Fire       N/A          67%         3    #####..
 Mephitic Cloud           Conj/Pois/Air  #.......     67%         3    #####..
 Spider Form              Tmut/Pois      #..          67%         3    #####..
 Olgreb's Toxic Radiance  Pois           #........    97%         4    ######.
 Sticky Flame             Conj/Fire      #.......     97%         4    ######.
 Summon Scorpions         Summ/Pois      #.......     97%         4    ######.
 Fireball                 Conj/Fire      #.........   100%        5    #######
 Venom Bolt               Conj/Pois      #.........   100%        5    #######


Dungeon Overview and Level Annotations

Branches:
Dungeon (10/12)            Temple (1/1) D:6            Lair (0/6) D:7
    Orc: D:8-11

Altars:
Ashenzari
Cheibriados
Dithmenos
Elyvilon
Fedhas
Gozag
Hepliaklqana
Kikubaaqudgha
Lugonu
Makhleb
Nemelex Xobeh
Okawaru
Qazlal
Ru
Sif Muna
Trog
Uskayaw
Vehumet
Wu Jian
Xom
Yredelemnul
Zin
The Shining One

Shops:
D:4 ?   D:6 (   D:7 !   D:8 %   D:9 [=([!

Annotations:
D:10 exclusion: orange crystal statue


Innate Abilities, Weirdness & Mutations

You cannot wear most types of armour.
Your thick skin is tough. (AC +9)
You are too large for most types of armour.
You have claws for hands.
Your metabolism is lightning-fast.
You like to eat raw meat.
Your natural rate of healing is unusually fast.


Message History

You claw the two-headed ogre!
You kill the two-headed ogre!
Cheibriados thoroughly appreciates the change of pace.
The ogre mage mumbles some strange words.
The ogre mage blinks!
Unknown command.
Unknown command.
You claw the two-headed ogre!
The two-headed ogre is moderately wounded.
The two-headed ogre hits you with a cursed -3 giant club.
* * * LOW HITPOINT WARNING * * *
The two-headed ogre misses you.
Unknown command.
You claw the two-headed ogre!
The two-headed ogre is heavily wounded.
Unknown command.
You claw the two-headed ogre!
The two-headed ogre is moderately wounded.
The two-headed ogre hits you with a +0 giant club!!
You die...

......## ##.....##
.##...#####..##..#
..#.....##...#>..###
..........#........#
.........##........#
...................#
....#............O.##
....#........##.OO§.###
....#.....####..@##..O#
....#.....##....##....#
...........#...# ##......
...............## ......#.O
................##.....##
†.....<................#
........................
...........................#
..................... ....#


You could see 3 two-headed ogres.

Vanquished Creatures
  2 hydras
  5 two-headed ogres
  Nergalle (D:9)
  Pikel (D:4)
  A deep elf mage (D:9)
  3 centaur skeletons
  A gargoyle (D:8)
  3 trolls
  A hornet (D:9)
  4 hippogriffs
  A vampire (D:10)
  3 wyverns (D:7)
  2 basilisks
  5 yaks
  Edmund (D:4)
  Duvessa (D:7)
  3 crocodiles
  An orc warrior (D:7)
  A swamp drake (D:7)
  Purgy (D:3)
  2 ice beasts (D:8)
  An eye of draining (D:8)
  A phantom (D:8)
  2 sky beasts
  A slave (D:4)
  7 ogres
  2 necrophages
  2 centaurs
  6 bullfrogs
  5 big kobolds
  A scorpion (D:10)
  A water moccasin skeleton (D:4)
  Dowan (D:7)
  A killer bee (D:6)
  4 howler monkeys
  4 crimson imps
  A centaur zombie (D:7)
  2 quasits
  6 hounds
  4 orc wizards
  3 orc priests
  A jelly (D:6)
  Crazy Yiuf (D:3)
  7 worker ants
  Ijyb (D:3)
  2 iguanas
  A gnoll (D:2)
  11 adders
  3 river rats (Sewer)
  A shadow imp (D:7)
  8 oozes
  2 adder skeletons
  8 worms
  4 dart slugs
  3 leopard geckos
  22 orcs
  9 ball pythons
  7 bats
  4 giant cockroaches
  6 hobgoblins
  6 jackals (D:2)
  5 quokkas
  4 frilled lizards
  6 goblins
  A jackal skeleton (D:4)
  10 kobolds
  15 rats
246 creatures vanquished.

Vanquished Creatures (others)
  An adder (D:4)
1 creature vanquished.

Grand Total: 247 creatures vanquished

Notes
Turn   | Place    | Note
-------+----------+-------------------------------------------
     0 | D:1      | Morbidden the Troll Archaeologist began the quest for the
                  | Orb.
     0 | D:1      | Reached XP level 1. HP: 18/18 MP: 0/0
   300 | D:1      | Reached XP level 2. HP: 26/26 MP: 1/1
   619 | D:1      | Reached XP level 3. HP: 32/32 MP: 2/2
   932 | D:2      | Reached skill level 1 in Unarmed Combat
   963 | D:2      | Reached skill level 1 in Fighting
  1138 | D:2      | Gained mutation: Your natural rate of healing is unusually
                  | fast. [Troll growth]
  1138 | D:2      | Reached XP level 4. HP: 28/41 MP: 3/3
  1344 | D:2      | Noticed a moth of wrath
  1348 | D:2      | Found a bloodstained altar of Trog.
  1358 | D:2      | Reached skill level 1 in Throwing
  1810 | D:3      | Found a glowing drain.
  1824 | D:3      | Reached skill level 2 in Unarmed Combat
  1837 | Sewer    | Entered a sewer
  1858 | Sewer    | Noticed a big kobold
  1866 | Sewer    | Killed a big kobold
  1867 | Sewer    | Reached XP level 5. HP: 38/48 MP: 4/4
  1867 | Sewer    | Identified a scroll of acquirement
  1873 | Sewer    | Identified the +4 rapier "Ogrebane" {elec, MR+ SInv} (You
                  | acquired it in a sewer)
  1903 | Sewer    | Reached skill level 3 in Unarmed Combat
  1954 | Sewer    | Reached XP level 6. HP: 57/57 MP: 5/5
  2105 | Sewer    | Reached skill level 4 in Unarmed Combat
  2210 | Sewer    | Reached skill level 5 in Unarmed Combat
  2608 | D:3      | Reached XP level 7. HP: 63/65 MP: 6/6
  2741 | D:3      | Got a scintillating tin ring
  2742 | D:3      | Identified the ring of Menanous {+Fly Stlth+} (You found it
                  | on level 3 of the Dungeon)
  2849 | D:3      | Noticed Ijyb
  2856 | D:3      | Killed Ijyb
  2857 | D:3      | Reached skill level 6 in Unarmed Combat
  2933 | D:3      | Noticed Purgy
  2942 | D:3      | Killed Purgy
  3224 | D:3      | Found a runed door.
  3289 | D:3      | Noticed Crazy Yiuf
  3302 | D:3      | Killed Crazy Yiuf
  3528 | D:4      | Noticed Edmund
  3549 | D:4      | Killed Edmund
  3550 | D:4      | Reached skill level 7 in Unarmed Combat
  3550 | D:4      | Reached XP level 8. HP: 67/74 MP: 7/7
  3582 | D:4      | Found Ohojaom's Magic Scroll Emporium.
  3593 | D:4      | Bought a scroll of blinking for 75 gold pieces
  3593 | D:4      | Bought a scroll of teleportation for 30 gold pieces
  3634 | D:4      | Noticed Pikel
  3649 | D:4      | Killed Pikel
  3650 | D:4      | Reached skill level 1 in Slings
  3650 | D:4      | Reached skill level 8 in Unarmed Combat
  3650 | D:4      | Reached skill level 1 in Evocations
  3991 | D:5      | Entered Level 5 of the Dungeon
  4142 | D:5      | Reached skill level 5 in Dodging
  4249 | D:5      | Got a crude war axe
  4633 | D:5      | Reached skill level 9 in Unarmed Combat
  5083 | D:6      | Noticed a hippogriff
  5096 | D:6      | Reached XP level 9. HP: 75/83 MP: 9/9
  5179 | D:6      | Found a corrupted altar of Lugonu.
  5238 | D:6      | Found a shimmering altar of Xom.
  5354 | D:6      | Found a staircase to the Ecumenical Temple.
  5443 | D:6      | Noticed a two-headed ogre
  5453 | D:6      | Killed a two-headed ogre
  5454 | D:6      | Reached skill level 10 in Unarmed Combat
  5573 | D:6      | Found Lathif's Weapon Emporium.
  5815 | D:7      | Found Tylleot's Distillery.
  5824 | D:7      | Bought a potion of heal wounds for 55 gold pieces
  5861 | Temple   | Entered the Ecumenical Temple
  6031 | D:7      | Reached skill level 11 in Unarmed Combat
  6102 | D:7      | Reached XP level 10. HP: 92/92 MP: 10/10
  6145 | D:7      | Found a staircase to the Lair.
  6290 | D:7      | Noticed Duvessa
  6291 | D:7      | Noticed Dowan
  6296 | D:7      | Killed Dowan
  6307 | D:7      | Killed Duvessa
  6663 | D:7      | Reached skill level 12 in Unarmed Combat
  6787 | D:7      | Found a shimmering blue altar of Sif Muna.
  7167 | D:8      | Noticed a gargoyle
  7177 | D:8      | Killed a gargoyle
  7178 | D:8      | Reached skill level 5 in Throwing
  7295 | D:8      | Noticed a two-headed ogre
  7310 | D:8      | Killed a two-headed ogre
  7320 | D:8      | Found a white marble altar of Elyvilon.
  7514 | D:8      | Reached XP level 11. HP: 101/101 MP: 12/12
  7705 | D:8      | Found Borid's Food Shop.
  7876 | D:8      | Reached skill level 13 in Unarmed Combat
  8005 | D:9      | Found a shadowy altar of Dithmenos.
  8006 | D:9      | Found a stormy altar of Qazlal.
  8007 | D:9      | Found a hide-covered altar of Uskayaw.
  8008 | D:9      | Found Ymoif's Antique Armour Boutique.
  8018 | D:9      | Found a snail-covered altar of Cheibriados.
  8018 | D:9      | Noticed a two-headed ogre
  8037 | D:9      | Killed a two-headed ogre
  8081 | D:9      | Became a worshipper of Cheibriados the Contemplative
  8096 | D:9      | Reached skill level 5 in Fighting
  8127 | D:9      | Found Riwoti Jemo's Distillery.
  8144 | D:9      | Bought a potion of heal wounds for 65 gold pieces
  8144 | D:9      | Bought a potion of resistance for 130 gold pieces
  8182 | D:9      | Noticed Nergalle
  8182 | D:9      | Noticed a deep elf mage
  8193 | D:9      | Killed Nergalle
  8207 | D:9      | Found an ancient bone altar of Kikubaaqudgha.
  8217 | D:9      | Killed a deep elf mage
  8218 | D:9      | Reached skill level 1 in Invocations
  8279 | D:9      | Found Kemopsi's Jewellery Shoppe.
  8286 | D:9      | Noticed a four-headed hydra
  8335 | D:9      | Found Nuemevom's Armour Shoppe.
  8357 | D:9      | Found Nirug's Weapon Shoppe.
  8437 | D:9      | Killed a nine-headed hydra
  8665 | D:10     | Entered Level 10 of the Dungeon
  8736 | D:10     | Noticed a seven-headed hydra
  8756 | D:10     | Killed an 18-headed hydra
  8757 | D:10     | HP: 3/104 [troll (9)]
  8764 | D:10     | HP: 5/104 [troll (10)]
  8772 | D:10     | HP: 3/104 [something (9)]
  8866 | D:10     | Reached * piety under Cheibriados
  8973 | D:10     | Noticed an orange crystal statue
  9102 | D:10     | Noticed an ogre mage
  9102 | D:10     | Noticed a two-headed ogre
  9102 | D:10     | Noticed a two-headed ogre
  9103 | D:10     | Noticed a two-headed ogre
  9112 | D:10     | Noticed a two-headed ogre
  9115 | D:10     | Noticed a two-headed ogre
  9121 | D:10     | Killed a two-headed ogre
  9124 | D:10     | Killed a two-headed ogre
  9127 | D:10     | Mangled by a two-headed ogre

Skill      XL: |  1  2  3  4  5  6  7  8  9 10 11 |
---------------+----------------------------------+-----
Dodging        | 3 4 5 6 7 |  7.2
Stealth        | 2 3 |  3.9
Unarmed Combat | 1 2 3 5 7 9 11 12 13 | 13.6
Fighting       | 1 2 3 4 5 |  5.5
Throwing       | 1 2 3 4 5 6 |  6.1
Slings         | 2 3 |  3.3
Evocations     | 1 2 3 4 |  4.4
Invocations    | 2 |  2.5
Maces & Flails | |  1.0

Action                   |  1- 3 |  4- 6 |  7- 9 | 10-12 || total
-------------------------+-------+-------+-------+-------++-------
Melee: Unarmed           |   107 |   198 |   209 |   290 ||   804
       Punch             |       |     2 |     5 |    11 ||    18
 Fire: Hunting sling     |       |       |    89 |     4 ||    93
Throw: Stone             |    10 |     9 |    10 |     6 ||    35
 Abil: Evoke Invisibilit |       |       |       |     2 ||     2
       Evoke Berserk Rag |       |       |       |     1 ||     1
Evoke: Wand              |       |       |       |    11 ||    11
  Use: Scroll            |       |     2 |     3 |     3 ||     8
       Potion            |       |       |       |     8 ||     8
 Stab: Sleeping          |     4 |     4 |    11 |    12 ||    31
       Distracted        |       |       |       |     1 ||     1
       Paralysed         |       |       |       |     5 ||     5
       Invisible         |       |       |       |     3 ||     3
  Eat: Chunk             |    14 |    15 |    29 |    19 ||    77
Armor: Skin              |    53 |    95 |    99 |   142 ||   389
Dodge: Dodged            |    69 |   119 |   108 |   165 ||   461
